[Event "41st Amateur D7"]
[Site "ChessGUI4"]
[Date "2013.07.07"]
[Round "15.3"]
[White "Tigran 2.3 64-bit"]
[Black "MadChess 1.2"]
[Result "0-1"]
[BlackElo "2200"]
[ECO "C63"]
[EventDate "2013.??.??"]
[TimeControl "40/1500:40/1500:40/1500"]
[WhiteElo "2289"]

{ i5 Quad } 1.e4 e5 2.Nf3 Nc6 3.Bb5 f5 4.d3 fxe4 5.dxe4 Nf6 6.O-O d6 7.Nc3 Be7 8.Bc4 Na5 9.Be2 O-O 10.b4
{ [%eval 53,13] [%emt 0:00:42] (b4) } 10...Nc6
{ [%eval -21,11] [%emt 0:00: 17] (Nc6) } 11.b5
{ [%eval 55,13] [%emt 0:00:42] (b5) } 11...Na5
{ [%eval -27,12] [%emt 0:00:27] (Na5) } 12.Nd5
{ [%eval 51,13] [%emt 0:00:43] (Nd5) } 12...Bg4
{ [%eval -50,12] [%emt 0:00:44] (Nxd5) } 13.Ng5
{ [%eval 77,14] [%emt 0:00:42] (Nxe7) } 13...Bxe2
{ [%eval -52,13] [%emt 0:00:37] (Bxe2) } 14.Qxe2
{ [%eval 72,15] [%emt 0:00:43] (Qxe2) } 14...Qd7
{ [%eval -50,13] [%emt 0:00:38] (Qd7) } 15.Nxe7+
{ [%eval 72,14] [%emt 0:00:34] (Nxe7) } 15...Qxe7
{ [%eval -55,14] [%emt 0:00:29] (Qxe7) } 16.Bd2
{ [%eval 70,15] [%emt 0:00:36] (Bd2) } 16...h6
{ [%eval -69,14] [%emt 0:01: 16] (h6) } 17.Nf3
{ [%eval 59,15] [%emt 0:00:43] (Nf3) } 17...b6
{ [%eval -52,13] [%emt 0:00:36] (b6) } 18.Bxa5
{ [%eval 59,14] [%emt 0:00:44] (Nh4) } 18...bxa5
{ [%eval -51,11] [%emt 0:00:26] (bxa5) } 19.Rfd1
{ [%eval 44,13] [%emt 0:00:44] (Nh4) } 19...Qf7
{ [%eval -26,11] [%emt 0:01:29] (Qe6) } 20.c3
{ [%eval 46,12] [%emt 0: 00:44] (a4) } 20...Rfb8
{ [%eval -14,11] [%emt 0:00:22] (Rfb8) } 21.Rab1
{ [%eval 38, 13] [%emt 0:00:44] (Rab1) } 21...Rb6
{ [%eval -19,12] [%emt 0:00:30] (Rb6) } 22.c4
{ [%eval 34,13] [%emt 0:00:45] (c4) } 22...a6
{ [%eval -5,11] [%emt 0:00:28] (a6) } 23.bxa6
{ [%eval 26,13] [%emt 0:00:45] (c5) } 23...Rbxa6
{ [%eval 8,12] [%emt 0:00:37] (Rbxa6) } 24.Rb5
{ [%eval 25,12] [%emt 0:00:45] (c5) } 24...Rc6
{ [%eval 9,10] [%emt 0: 00:27] (Qg6) } 25.c5
{ [%eval 25,13] [%emt 0:00:45] (c5) } 25...a4
{ [%eval 4,12] [%emt 0:03:03] (Qg6) } 26.Rdb1
{ [%eval 25,12] [%emt 0:00:40] (h3) } 26...Qe6
{ [%eval 17,12] [%emt 0:00:45] (Qe8) } 27.cxd6
{ [%eval 6,13] [%emt 0:00:47] (cxd6) } 27...cxd6
{ [%eval 31,12] [%emt 0:00:33] (cxd6) } 28.R5b4
{ [%eval -31,13] [%emt 0:00:47] (R5b4) } 28...Rac8
{ [%eval 60,12] [%emt 0:01:39] (Rac8) } 29.Rxa4
{ [%eval -32,13] [%emt 0:00:47] (a3) } 29...d5
{ [%eval 70,12] [%emt 0:00:15] (d5) } 30.exd5
{ [%eval -69,13] [%emt 0:00:48] (Re1) } 30...Nxd5
{ [%eval 84,12] [%emt 0:00:16] (Nxd5) } 31.Re1
{ [%eval -111,14] [%emt 0:00:48] (Ra7) } 31...Nc3
{ [%eval 88,14] [%emt 0:00:48] (Nc3) } 32.Qxe5
{ [%eval -121,15] [%emt 0:00:49] (Qc2) } 32...Qxe5
{ [%eval 138,15] [%emt 0:00:36] (Qxe5) } 33.Nxe5
{ [%eval -127,17] [%emt 0:00:44] (Nxe5) } 33...Nxa4
{ [%eval 142,15] [%emt 0:01:00] (Nxa4) } 34.Nxc6
{ [%eval -134,17] [%emt 0:00:50] (Nxc6) } 34...Rxc6
{ [%eval 136,14] [%emt 0:02:28] (Rxc6) } 35.Kf1
{ [%eval -163,16] [%emt 0:00:51] (a3) } 35...Ra6
{ [%eval 171,13] [%emt 0:00:37] (Ra6) } 36.Rc1
{ [%eval -167,16] [%emt 0:00:52] (Rc1) } 36...Nb2
{ [%eval 164,12] [%emt 0:00: 11] (Nb2) } 37.Rc8+
{ [%eval -171,16] [%emt 0:00:53] (Ra1) } 37...Kf7
{ [%eval 192,13] [%emt 0:00:41] (Kf7) } 38.Ke2
{ [%eval -171,16] [%emt 0:00:55] (Rc2) } 38...Rxa2
{ [%eval 193,13] [%emt 0:00:32] (Rxa2) } 39.Rc2
{ [%eval -171,15] [%emt 0:00:56] (Rc2) } 39...Ke6
{ [%eval 201,13] [%emt 0:00:24] (Kf6) } 40.g3
{ [%eval -174,14] [%emt 0:00:59] (h4) } 40...Kd5
{ [%eval 208,12] [%emt 0:00:09] (Ke5) } 41.h4
{ [%eval -195, 14] [%emt 0:00:34] (h4) } 41...Kd4
{ [%eval 215,16] [%emt 0:02:36] (Kd4) } 42.h5
{ [%eval -178,16] [%emt 0:00:30] (h5) } 42...Nd3
{ [%eval 202,18] [%emt 0:07:45] (Ke4) } 43.Rxa2
{ [%eval -26,19] [%emt 0:00:34] (Rxa2) } 43...Nc1+
{ [%eval 261,19] [%emt 0: 01:12] (Nc1) } 44.Kf3
{ [%eval -268,19] [%emt 0:00:27] (Kf3) } 44...Nxa2
{ [%eval 307, 18] [%emt 0:00:27] (Nxa2) } 45.Kf4
{ [%eval -268,17] [%emt 0:00:34] (Kf4) } 45...Nc3
{ [%eval 351,19] [%emt 0:01:27] (Nc3) } 46.g4
{ [%eval -307,18] [%emt 0:00:34] (g4) } 46...Ne4
{ [%eval 351,18] [%emt 0:00:24] (Ne4) } 47.f3
{ [%eval -359,18] [%emt 0:00:34] (f3) } 47...Ng5
{ [%eval 383,19] [%emt 0:00:32] (Nd6) } 48.Kf5
{ [%eval -327, 19] [%emt 0:00:33] (Kf5) } 48...Nxf3
{ [%eval 475,21] [%emt 0:00:59] (Nxf3) } 49.Kf4
{ [%eval -433,19] [%emt 0:00:31] (Kg6) } 49...Ne5
{ [%eval 518,22] [%emt 0:01:01] (Ne5) } 50.Kf5
{ [%eval -488,20] [%emt 0:00:35] (Kf5) } 50...Kd5
{ [%eval 533,22] [%emt 0:00: 30] (Kd5) } 51.g5
{ [%eval -466,16] [%emt 0:00:35] (g5) } 51...hxg5 52.Kxg5
{ [%eval -500,19] [%emt 0:00:28] (Kxg5) } 0-1

[Event "41st Amateur D7"]
[Site "ChessGUI4"]
[Date "2013.07.07"]
[Round "15.4"]
[White "Butcher 1.64 64-bit"]
[Black "ProChess 1.02AD"]
[Result "1-0"]
[BlackElo "2244"]
[ECO "D17"]
[EventDate "2013.??.??"]
[TimeControl "40/1500:40/1500:40/1500"]
[WhiteElo "2355"]

{ i5 Quad } 1.d4 d5 2.c4 c6 3.Nf3 Nf6 4.Nc3 dxc4 5.a4 Bf5 6.Ne5 e6 7.f3 Bb4 8.Bg5 h6 9.Bxf6 gxf6 { [%eval -5,14] [%emt 0:01:44] (gxf6) } 10.Nxc4
{ [%eval -15,12] [%emt 0:01:00] (Nxc4) } 10...Qe7
{ [%eval 0,13] [%emt 0:05:23] (h5) } 11.e3
{ [%eval -6,11] [%emt 0:00:59] (e4) } 11...Nd7
{ [%eval 4,11] [%emt 0:00:29] (Nd7) } 12.Bd3
{ [%eval -5,11] [%emt 0:00:58] (g4) } 12...b5
{ [%eval -5,12] [%emt 0:00:45] (O-O-O) } 13.axb5
{ [%eval 73,12] [%emt 0:01:02] (axb5) } 13...cxb5
{ [%eval -11,12] [%emt 0:00:26] (cxb5) } 14.Bxf5
{ [%eval 58,11] [%emt 0:01:03] (Na5) } 14...exf5
{ [%eval 63,13] [%emt 0:00:24] (exf5) } 15.Na3
{ [%eval 43,12] [%emt 0:01:02] (Na3) } 15...Bxc3+
{ [%eval 56,13] [%emt 0:01:03] (Qxe3) } 16.bxc3
{ [%eval 81,13] [%emt 0:01:01] (bxc3) } 16...Qxe3+
{ [%eval 31,13] [%emt 0: 01:03] (Qxe3) } 17.Qe2
{ [%eval 122,14] [%emt 0:01:00] (Qe2) } 17...Qxe2+
{ [%eval 0, 14] [%emt 0:00:21] (Qxe2) } 18.Kxe2
{ [%eval 74,8] [%emt 0:00:00] (Kxe2) } 18...Rb8
{ [%eval -18,13] [%emt 0:02:07] (Rb8) } 19.Nc2
{ [%eval 156,13] [%emt 0:01:01] (Nc2) } 19...Rg8
{ [%eval -25,13] [%emt 0:01:48] (Rb7) } 20.Kf2
{ [%eval 190,13] [%emt 0:01:00] (Kf2) } 20...Rb7
{ [%eval -25,13] [%emt 0:00:28] (Rb7) } 21.Ra5
{ [%eval 195, 12] [%emt 0:00:51] (f4) } 21...f4
{ [%eval -8,12] [%emt 0:00:22] (Nb8) } 22.Rha1
{ [%eval 208,13] [%emt 0:00:50] (Re1) } 22...Rg5
{ [%eval -15,13] [%emt 0:00:26] (Rg5) } 23.h4
{ [%eval 237,13] [%emt 0:00:49] (Rxa7) } 23...Rh5
{ [%eval 1,13] [%emt 0:00:17] (Rh5) } 24.Rxa7
{ [%eval 226,13] [%emt 0:00:49] (Nb4) } 24...Rxa7
{ [%eval -2,16] [%emt 0:00:22] (Rxa7) } 25.Rxa7
{ [%eval 236,15] [%emt 0:00:48] (Rxa7) } 25...Rxh4
{ [%eval -8,15] [%emt 0:01:01] (Rxh4) } 26.Nb4
{ [%eval 227,14] [%emt 0:00:47] (Ra5) } 26...Rh5
{ [%eval -6,15] [%emt 0:00:46] (Nb6) } 27.Rb7
{ [%eval 220,14] [%emt 0:00:46] (Ke2) } 27...Kd8
{ [%eval 0,15] [%emt 0:01:44] (Ke7) } 28.Nc6+
{ [%eval 214, 15] [%emt 0:01:12] (d5) } 28...Kc8
{ [%eval -7,16] [%emt 0:00:35] (Kc8) } 29.Rxb5
{ [%eval 223,16] [%emt 0:01:13] (Rxb5) } 29...Rxb5
{ [%eval -16,15] [%emt 0:00:17] (Rxb5) } 30.Na7+
{ [%eval 213,16] [%emt 0:00:37] (Na7) } 30...Kd8
{ [%eval -15,15] [%emt 0:00:11] (Kb7) } 31.Nxb5
{ [%eval 220,16] [%emt 0:01:04] (Nxb5) } 31...Ke7
{ [%eval -25,14] [%emt 0:00:07] (Nb6) } 32.c4
{ [%eval 280,15] [%emt 0:00:32] (Ke2) } 32...Nb6
{ [%eval -10,14] [%emt 0:00:06] (Nb6) } 33.Na3
{ [%eval 313,14] [%emt 0:00:23] (Na3) } 33...Ke6
{ [%eval -12,13] [%emt 0:00:04] (Kd7) } 34.Ke2
{ [%eval 307, 14] [%emt 0:00:23] (Ke2) } 34...f5
{ [%eval -24,14] [%emt 0:00:12] (f5) } 35.Kd2
{ [%eval 333,13] [%emt 0:00:21] (Kd3) } 35...Kf6
{ [%eval -30,13] [%emt 0:00:11] (h5) } 36.Kc3
{ [%eval 358,13] [%emt 0:00:21] (Kc3) } 36...Na4+
{ [%eval -35,14] [%emt 0:00: 05] (Ke6) } 37.Kb4
{ [%eval 421,14] [%emt 0:00:20] (Kd3) } 37...Nb6
{ [%eval -71,14] [%emt 0:00:23] (Nb6) } 38.Kc5
{ [%eval 538,14] [%emt 0:00:19] (Kc5) } 38...Nc8
{ [%eval -131,14] [%emt 0:00:05] (Nc8) } 39.d5
{ [%eval 529,14] [%emt 0:00:17] (Kc6) } 39...Ne7
{ [%eval -85,13] [%emt 0:00:02] (Ke5) } 40.Kd6
{ [%eval 786,14] [%emt 0:00:15] (Kd4) } 40...h5
{ [%eval -211,14] [%emt 0:00:03] (h5) } 41.c5
{ [%eval 976,15] [%emt 0:00:49] (c5) } 41...Nc8+
{ [%eval -846,18] [%emt 0:01:11] (h4) } 42.Kc7
{ [%eval 1103,17] [%emt 0:00:49] (Kc7) } 42...Ne7
{ [%eval -965,17] [%emt 0:02:23] (Ne7) } 43.d6
{ [%eval 1186,15] [%emt 0:00:48] (d6) } 43...Nd5+
{ [%eval -1013,17] [%emt 0: 04:05] (Nd5) } 44.Kb7
{ [%eval 1183,14] [%emt 0:00:48] (Kb7) } 44...Ke6
{ [%eval -1037, 16] [%emt 0:04:39] (Nb4) } 1-0

[Event "41st Amateur D7"]
[Site "ChessGUI4"]
[Date "2013.07.07"]
[Round "15.5"]
[White "Gibbon 2.57a 64-bit"]
[Black "Waxman 2011"]
[Result "1/2-1/2"]
[BlackElo "2256"]
[ECO "D17"]
[EventDate "2013.??.??"]
[TimeControl "40/1500:40/1500:40/1500"]
[WhiteElo "2251"]

{ i5 Quad } 1.d4 d5 2.c4 c6 3.Nf3 Nf6 4.Nc3 dxc4 5.a4 Bf5 6.Ne5 e6 7.f3 c5 8.e4 Bg6 9.d5 exd5
{ [%eval 33,11] [%emt 0:00: 36] (exd5) } 10.exd5
{ [%eval 51,12] [%emt 0:00:19] (Nxd5) } 10...Bd6
{ [%eval 21,12] [%emt 0:00:41] (Bd6) } 11.Nxc4
{ [%eval 3,13] [%emt 0:01:35] (Nxc4) } 11...O-O
{ [%eval 7,12] [%emt 0:00:41] (O-O) } 12.Be2
{ [%eval 3,12] [%emt 0:00:44] (Be2) } 12...Na6
{ [%eval 0,12] [%emt 0:00:41] (Re8) } 13.Bg5
{ [%eval 2,12] [%emt 0:00:30] (O-O) } 13...Re8
{ [%eval 13,12] [%emt 0:01:01] (Re8) } 14.O-O
{ [%eval 18,12] [%emt 0: 00:35] (O-O) } 14...Nb4
{ [%eval -18,12] [%emt 0:01:34] (Nb4) } 15.Kh1
{ [%eval 26,11] [%emt 0:00:15] (Rc1) } 15...Nc2
{ [%eval -19,12] [%emt 0:00:46] (Bf8) } 16.Bxf6
{ [%eval 98,13] [%emt 0:00:22] (Rc1) } 16...gxf6
{ [%eval -22,12] [%emt 0:00:43] (gxf6) } 17.f4
{ [%eval 93,14] [%emt 0:00:39] (f4) } 17...Nxa1
{ [%eval -39,12] [%emt 0:00:35] (Nxa1) } 18.f5
{ [%eval 116,13] [%emt 0:00:08] (f5) } 18...Qb8
{ [%eval -42,12] [%emt 0:00:37] (Rxe2) } 19.fxg6
{ [%eval 129,14] [%emt 0:00:18] (fxg6) } 19...hxg6
{ [%eval -56,13] [%emt 0:00:44] (hxg6) } 20.Nxd6
{ [%eval 132,13] [%emt 0:00:04] (h3) } 20...Qxd6
{ [%eval -75,12] [%emt 0:00:13] (Qxd6) } 21.Qxa1
{ [%eval 136,13] [%emt 0: 00:06] (Qxa1) } 21...Re3
{ [%eval -73,12] [%emt 0:00:34] (Re3) } 22.Rf3
{ [%eval 116, 14] [%emt 0:00:26] (Bf3) } 22...Rxf3
{ [%eval -51,13] [%emt 0:00:33] (Re5) } 23.Bxf3
{ [%eval 112,14] [%emt 0:00:05] (Bxf3) } 23...Re8
{ [%eval -53,13] [%emt 0:00:30] (Re8) } 24.Ne4
{ [%eval 83,14] [%emt 0:00:16] (g3) } 24...Qe5
{ [%eval 4,13] [%emt 0:00:36] (Qe5) } 25.h3
{ [%eval 61,14] [%emt 0:00:22] (h3) } 25...Qd4
{ [%eval 0,14] [%emt 0:00: 41] (b6) } 26.Qe1
{ [%eval 86,14] [%emt 0:00:18] (Nc3) } 26...Kg7
{ [%eval 44,13] [%emt 0:00:49] (Kg7) } 27.Qc1
{ [%eval 0,15] [%emt 0:00:23] (d6) } 27...Rxe4
{ [%eval 103,14] [%emt 0:00:47] (Rxe4) } 28.Bxe4
{ [%eval -10,16] [%emt 0:00:08] (Bxe4) } 28...Qxe4
{ [%eval 103,14] [%emt 0:00:19] (Qxe4) } 29.Qxc5
{ [%eval -17,17] [%emt 0: 00:19] (Qxc5) } 29...Qe1+
{ [%eval 83,16] [%emt 0:00:49] (Qe1) } 30.Kh2
{ [%eval -57, 18] [%emt 0:00:23] (Kh2) } 30...Qe5+
{ [%eval 60,18] [%emt 0:01:04] (Qe5) } 31.Kh1
{ [%eval -61,18] [%emt 0:00:18] (Kh1) } 31...Qxb2
{ [%eval 62,18] [%emt 0:00:45] (Qxb2) } 32.a5
{ [%eval -36,17] [%emt 0:00:23] (Qxa7) } 32...Qa1+
{ [%eval 114,15] [%emt 0:00: 36] (b6) } 33.Kh2
{ [%eval -28,17] [%emt 0:00:33] (Kh2) } 33...Qe5+
{ [%eval 98,15] [%emt 0:01:57] (Qe5) } 34.Kh1
{ [%eval -32,17] [%emt 0:00:45] (Kg1) } 34...Qe1+
{ [%eval 96,14] [%emt 0:00:45] (g5) } 35.Kh2
{ [%eval -29,17] [%emt 0:00:09] (Kh2) } 35...b6
{ [%eval 91,16] [%emt 0:00:48] (b6) } 36.axb6
{ [%eval -28,17] [%emt 0:00: 23] (axb6) } 36...axb6
{ [%eval 83,17] [%emt 0:00:49] (axb6) } 37.Qc6
{ [%eval -29,17] [%emt 0:00:16] (Qc6) } 37...Qe4
{ [%eval 82,16] [%emt 0:00:46] (Qe4) } 38.Kh1
{ [%eval -28,17] [%emt 0:00:23] (Kg1) } 38...g5
{ [%eval 58,16] [%emt 0:00:31] (g5) } 39.Qd7
{ [%eval -28,16] [%emt 0:00:14] (Qd7) } 39...Qe1+
{ [%eval 58,15] [%emt 0:00:26] (Qh4) } 40.Kh2
{ [%eval -28,14] [%emt 0:00:01] (Kh2) } 40...Qd2
{ [%eval 75,15] [%emt 0:00:22] (Qe5) } 41.Qc6
{ [%eval -32,16] [%emt 0:00:28] (d6) } 41...f5
{ [%eval 0,14] [%emt 0:01:03] (f5) } 42.d6
{ [%eval -25,17] [%emt 0:00:58] (d6) } 42...f4
{ [%eval 0, 14] [%emt 0:00:33] (f4) } 43.Kh1
{ [%eval -25,17] [%emt 0:00:31] (Kh1) } 43...Qe1+
{ [%eval 0,14] [%emt 0:00:31] (Qe1) } 44.Kh2
{ [%eval -25,14] [%emt 0:00:00] (Kh2) } 44...Qg3+
{ [%eval 25,16] [%emt 0:00:38] (Qg3) } 45.Kh1
{ [%eval -21,18] [%emt 0:02: 03] (Kh1) } 45...f3
{ [%eval 0,15] [%emt 0:00:44] (f3) } 46.gxf3
{ [%eval -10,17] [%emt 0:01:49] (gxf3) } 46...Qxh3+
{ [%eval 11,14] [%emt 0:00:11] (Qxh3) } 47.Kg1
{ [%eval -17,14] [%emt 0:00:04] (Kg1) } 47...g4
{ [%eval 11,14] [%emt 0:00:35] (g4) } 48.Qc3+
{ [%eval 0,16] [%emt 0:01:23] (Qc3) } 48...f6
{ [%eval 3,14] [%emt 0:00:25] (Kf8) } 49.Qc7+
{ [%eval 0,16] [%emt 0:00:27] (Qc7) } 49...Kh6
{ [%eval 0,15] [%emt 0:00:34] (Kh6) } 50.d7
{ [%eval 0,16] [%emt 0:00:31] (Qc1) } 50...gxf3
{ [%eval 5,15] [%emt 0: 00:25] (gxf3) } 51.Qh2
{ [%eval 0,19] [%emt 0:01:13] (Qh2) } 51...f2+
{ [%eval 0,16] [%emt 0:00:39] (f2) } 52.Qxf2
{ [%eval 0,20] [%emt 0:00:28] (Qxf2) } 52...Qg4+
{ [%eval 0,16] [%emt 0:00:48] (Qxd7) } 53.Kh2
{ [%eval 0,20] [%emt 0:00:26] (Kf1) } 53...Qxd7
{ [%eval 0,16] [%emt 0:00:30] (Qxd7) } 54.Qxf6+
{ [%eval 0,21] [%emt 0:00: 28] (Qxf6) } 1/2-1/2

[Event "41st Amateur D7"]
[Site "ChessGUI4"]
[Date "2013.07.07"]
[Round "16.1"]
[White "Carballo 0.8"]
[Black "Shallow 1.0 64-bit"]
[Result "1-0"]
[BlackElo "2200"]
[ECO "D45"]
[EventDate "2013.??.??"]
[TimeControl "40/1500:40/1500:40/1500"]
[WhiteElo "2273"]

{ i5 Quad } 1.d4 d5 2.c4 c6 3.Nc3 Nf6 4.e3 e6 5.Nf3 a6 6.Qc2 c5 7.dxc5 Bxc5 8.a3 O-O 9.cxd5 exd5 { [%eval -3,13] [%emt 0:00: 42] (exd5) } 10.Bd3
{ [%eval -4,13] [%emt 0:00:36] (Bd3) } 10...Nc6
{ [%eval 4,13] [%emt 0:00:42] (Nc6) } 11.O-O
{ [%eval 3,13] [%emt 0:00:35] (b4) } 11...Bg4
{ [%eval 4, 13] [%emt 0:00:42] (Be6) } 12.Ng5
{ [%eval 8,13] [%emt 0:00:34] (Ng5) } 12...h6
{ [%eval 6,13] [%emt 0:00:42] (g6) } 13.Nh7
{ [%eval 51,15] [%emt 0:00:33] (Nh7) } 13...Nxh7
{ [%eval -2,13] [%emt 0:00:42] (Nxh7) } 14.Bxh7+
{ [%eval 69,15] [%emt 0:00: 32] (Bxh7) } 14...Kh8
{ [%eval 12,1] [%emt 0:00:00] (Kh8) } 15.Bf5 Bxf5 { [%eval -19,14] [%emt 0:00:44] (Bxf5) } 16.Qxf5
{ [%eval 52,15] [%emt 0:00:31] (Qxf5) } 16...Ne7
{ [%eval -39,14] [%emt 0:00:44] (Ne7) } 17.Qh5
{ [%eval 49,14] [%emt 0:00:30] (Qf3) } 17...Qd6
{ [%eval -22,13] [%emt 0:00:44] (f5) } 18.b4
{ [%eval 69,15] [%emt 0:00:29] (Rd1) } 18...Bb6
{ [%eval -8,13] [%emt 0:00:44] (Ba7) } 19.Rd1
{ [%eval 74,14] [%emt 0:00:29] (Bb2) } 19...Rad8
{ [%eval -13,13] [%emt 0:00:44] (Rad8) } 20.Bb2
{ [%eval 73,14] [%emt 0:00:28] (Bb2) } 20...Kg8
{ [%eval -13, 13] [%emt 0:00:44] (Kg8) } 21.Rac1
{ [%eval 65,13] [%emt 0:00:27] (Rac1) } 21...Qe6
{ [%eval -18,13] [%emt 0:00:44] (f5) } 22.Ne2
{ [%eval 72,12] [%emt 0:00:26] (Na4) } 22...Qf5
{ [%eval -17,13] [%emt 0:00:44] (Qe4) } 23.Nf4
{ [%eval 70,14] [%emt 0:00: 26] (Ng3) } 23...d4
{ [%eval -3,14] [%emt 0:00:44] (Qxh5) } 24.Qxf5
{ [%eval 70,14] [%emt 0:00:25] (Bxd4) } 24...Nxf5
{ [%eval -3,15] [%emt 0:00:44] (Nxf5) } 25.e4
{ [%eval 61,15] [%emt 0:00:24] (g4) } 25...Ne7
{ [%eval -9,15] [%emt 0:00:44] (Ne7) } 26.a4
{ [%eval 57,13] [%emt 0:00:24] (Nd3) } 26...Rd7
{ [%eval 4,15] [%emt 0:00:44] (Rc8) } 27.g4
{ [%eval 63,11] [%emt 0:00:23] (Nd3) } 27...Rfd8
{ [%eval 27,14] [%emt 0:00:44] (g5) } 28.Nd3
{ [%eval 64,12] [%emt 0:00:23] (Nd3) } 28...Nc6
{ [%eval 11,14] [%emt 0: 00:44] (Nc6) } 29.h4
{ [%eval 53,12] [%emt 0:00:22] (Ba3) } 29...Re7
{ [%eval 27,13] [%emt 0:00:44] (Re7) } 30.f3
{ [%eval 55,14] [%emt 0:00:21] (f3) } 30...Red7
{ [%eval -3,13] [%emt 0:00:44] (f6) } 31.Kh1
{ [%eval 79,12] [%emt 0:00:21] (Kg2) } 31...f6
{ [%eval 4,14] [%emt 0:00:44] (Re7) } 32.Kg2
{ [%eval 67,12] [%emt 0:00:20] (Kg2) } 32...Kf7
{ [%eval 4,12] [%emt 0:00:59] (g5) } 33.Rb1
{ [%eval 62,11] [%emt 0:00:20] (Ba3) } 33...Kg8
{ [%eval 1,13] [%emt 0:00:42] (Rc7) } 34.b5
{ [%eval 57,12] [%emt 0: 00:19] (Rbc1) } 34...axb5
{ [%eval -3,14] [%emt 0:00:42] (axb5) } 35.Ba1
{ [%eval 39, 14] [%emt 0:00:19] (Ba3) } 35...Rd6
{ [%eval 12,12] [%emt 0:00:51] (Na7) } 36.Rxb5
{ [%eval 97,14] [%emt 0:00:18] (Rxb5) } 36...Na7
{ [%eval -26,14] [%emt 0:00:41] (Na5) } 37.Rbb1
{ [%eval 142,13] [%emt 0:00:18] (Rb4) } 37...Rb8
{ [%eval -62,13] [%emt 0:00: 41] (Rc8) } 38.Nf4
{ [%eval 133,12] [%emt 0:00:17] (Rb4) } 38...Bc5
{ [%eval -52,14] [%emt 0:00:41] (Bc5) } 39.Rdc1
{ [%eval 147,13] [%emt 0:00:17] (Rdc1) } 39...Rc6
{ [%eval -79,14] [%emt 0:00:41] (Rc6) } 40.Nd5
{ [%eval 145,12] [%emt 0:00:17] (Nd5) } 40...Kh7
{ [%eval -93,12] [%emt 0:00:41] (Kf7) } 41.Rd1
{ [%eval 135,12] [%emt 0:00:54] (Kh3) } 41...b5
{ [%eval -107,14] [%emt 0:00:37] (b5) } 42.Bxd4
{ [%eval 154, 15] [%emt 0:00:52] (Kh3) } 42...Bxd4
{ [%eval -115,15] [%emt 0:00:37] (Bxd4) } 43.Rxd4
{ [%eval 166,16] [%emt 0:00:51] (Rxd4) } 43...Rc2+
{ [%eval -116,14] [%emt 0:00:37] (Rc2) } 44.Kg3
{ [%eval 161,18] [%emt 0:00:50] (Kg3) } 44...Nc6
{ [%eval -116,14] [%emt 0:00:37] (Nc6) } 45.Rd3
{ [%eval 166,17] [%emt 0:00:48] (Rd3) } 45...bxa4
{ [%eval -118,14] [%emt 0:00:37] (bxa4) } 46.Rxb8
{ [%eval 159,18] [%emt 0:00:47] (Rxb8) } 46...Nxb8
{ [%eval -118,15] [%emt 0:00:37] (Nxb8) } 47.Ra3
{ [%eval 146,18] [%emt 0:00:46] (Ra3) } 47...Rc4
{ [%eval -120,15] [%emt 0:00:37] (Rc4) } 48.Nb6
{ [%eval 142,18] [%emt 0:00:45] (Nb6) } 48...Rb4
{ [%eval -119,15] [%emt 0:00:37] (Rd4) } 49.Nxa4
{ [%eval 170,18] [%emt 0:00:44] (Nxa4) } 49...h5
{ [%eval -119,15] [%emt 0:00: 37] (Nc6) } 50.gxh5
{ [%eval 181,19] [%emt 0:00:43] (gxh5) } 50...Rb5
{ [%eval -122,15] [%emt 0:00:37] (Kh6) } 51.Nc3
{ [%eval 205,18] [%emt 0:00:42] (Kg4) } 51...Rxh5
{ [%eval -120,15] [%emt 0:00:37] (Rxh5) } 52.Nd5
{ [%eval 215,18] [%emt 0:00:40] (Nd5) } 52...Nc6
{ [%eval -123,15] [%emt 0:00:37] (Nc6) } 53.Rc3
{ [%eval 209,17] [%emt 0:00:39] (Rc3) } 53...Nd4
{ [%eval -120,15] [%emt 0:00:37] (Nd4) } 54.Rc4
{ [%eval 215,17] [%emt 0:00:38] (Rc4) } 54...Nb3
{ [%eval -123,15] [%emt 0:00:37] (Nb3) } 55.Rc7
{ [%eval 229,18] [%emt 0:00:37] (Kg4) } 55...Kh8
{ [%eval -122,14] [%emt 0:00: 37] (Kg8) } 56.Rb7
{ [%eval 209,15] [%emt 0:00:37] (Kg4) } 56...Nd4
{ [%eval -125,13] [%emt 0:00:37] (Nd4) } 57.Rd7
{ [%eval 211,15] [%emt 0:00:36] (f4) } 57...Ne2+
{ [%eval -122,13] [%emt 0:00:37] (Ne6) } 58.Kf2
{ [%eval 221,18] [%emt 0:00:35] (Kf2) } 58...Nc1
{ [%eval -124,14] [%emt 0:00:37] (Nc1) } 59.Kg3
{ [%eval 225,16] [%emt 0:00:34] (Nf4) } 59...Re5
{ [%eval -123,13] [%emt 0:00:37] (Nb3) } 60.Rd8+
{ [%eval 224,16] [%emt 0:00:33] (Nf4) } 60...Kh7
{ [%eval -123,14] [%emt 0:00:37] (Kh7) } 61.Rd7
{ [%eval 215,16] [%emt 0:00:32] (Rd7) } 61...Re6
{ [%eval -123,13] [%emt 0:00: 37] (Kh8) } 62.Nf4
{ [%eval 220,15] [%emt 0:00:31] (Ne3) } 62...Re8
{ [%eval -122,14] [%emt 0:00:37] (Re5) } 63.Kh3
{ [%eval 219,15] [%emt 0:00:31] (Rc7) } 63...Kh6
{ [%eval -123,15] [%emt 0:00:37] (Kh6) } 64.Nd5
{ [%eval 210,17] [%emt 0:00:30] (Kg4) } 64...Nb3
{ [%eval -123,14] [%emt 0:00:37] (Ne2) } 65.Ne3
{ [%eval 222,18] [%emt 0:00:29] (Ne3) } 65...Kh7
{ [%eval -131,15] [%emt 0:00:37] (Kh7) } 66.Nf5
{ [%eval 238,18] [%emt 0:00:28] (Nf5) } 66...Rg8
{ [%eval -149,16] [%emt 0:00:37] (Rg8) } 67.h5
{ [%eval 236,18] [%emt 0:00:28] (h5) } 67...Nc5
{ [%eval -155,16] [%emt 0:00:37] (Kh8) } 68.Rc7
{ [%eval 318,19] [%emt 0:00:27] (Rc7) } 68...Ne6
{ [%eval -182,16] [%emt 0:00:37] (Ne6) } 69.Re7
{ [%eval 342,19] [%emt 0:00:26] (Re7) } 69...Ng5+
{ [%eval -251,16] [%emt 0:00:37] (Ng5) } 70.Kg4
{ [%eval 343,19] [%emt 0:00:25] (Kg4) } 70...Kh8
{ [%eval -261,16] [%emt 0:00:37] (Kh8) } 71.e5
{ [%eval 359,17] [%emt 0:00:25] (f4) } 71...Nh7
{ [%eval -251,15] [%emt 0:00:37] (Nh7) } 72.e6
{ [%eval 336, 15] [%emt 0:00:24] (e6) } 72...Ng5
{ [%eval -340,15] [%emt 0:00:50] (g6) } 73.Nd6
{ [%eval 420,17] [%emt 0:00:24] (f4) } 73...Rf8
{ [%eval -345,15] [%emt 0:00:36] (Ra8) } 74.f4
{ [%eval 451,16] [%emt 0:00:23] (f4) } 74...Nxe6
{ [%eval -444,15] [%emt 0:00: 36] (Ne4) } 75.Rxe6
{ [%eval 509,17] [%emt 0:00:22] (Rxe6) } 75...Kh7
{ [%eval -445,13] [%emt 0:00:43] (Ra8) } 76.Re8
{ [%eval 711,19] [%emt 0:00:22] (Re7) } 76...Rxe8
{ [%eval -469,17] [%emt 0:00:35] (f5) } 77.Nxe8
{ [%eval 1352,21] [%emt 0:00:21] (Nxe8) } 77...Kg8
{ [%eval -979,17] [%emt 0:00:35] (Kh6) } 78.h6
{ [%eval 1345,18] [%emt 0:00:21] (Kf5) } 78...gxh6
{ [%eval -511,16] [%emt 0:00:44] (gxh6) } 79.Nxf6+
{ [%eval 1366,19] [%emt 0:00:20] (Nxf6) } 1-0